 Dungeon Crawl Stone Soup version 0.27-a0-1147-gb3d8e82 (webtiles) character file.

Game seed: 17934787741382430329

57 Meow the Stinger (level 4, 35/36 HPs)
             Began as a Naga Venom Mage on May 11, 2021.
             Quit the game on level 2 of the Dungeon.
             The game lasted 00:05:08 (2034 turns).

Meow the Stinger (Naga Venom Mage)                  Turns: 2034, Time: 00:05:09

Health: 35/36      AC:  2    Str: 10    XL:     4   Next: 0%
Magic:  8/8        EV: 10    Int: 16    God:
Gold:   47         SH:  0    Dex: 12    Spells: 4/8 levels left

rFire    . . .     SeeInvis +   a - +0 hand axe
rCold    . . .     Faith    +   (no shield)
rNeg     . . .     Spirit   .   h - +0 robe
rPois    +         Reflect  .   (no helmet)
rElec    .         Harm     .   (no cloak)
rCorr    .         Rampage  .   (no gloves)
Will     .....                  (no barding)
Stlth    +++.......             d - amulet of faith
HPRegen  0.12/turn              (no ring)
MPRegen  0.11/turn              (no ring)

@: short of breath, very slow
A: AC +1, large, see invisible, deformed body, poison resistance, slowness 2,
spit poison 1, naga tail 1
a: Spit Poison


You were on level 2 of the Dungeon.
You visited 1 branch of the dungeon, and saw 3 of its levels.

You collected 47 gold pieces.

Inventory:

Hand Weapons
 a - a +0 hand axe (weapon)
Missiles
 i - 38 stones (quivered)
 k - 12 poisoned darts
 l - 23 arrows
 o - 12 sling bullets
Armour
 h - a +0 robe (worn)
Jewellery
 d - an amulet of faith (around neck)
 p - a ring of magical power
Scrolls
 b - a scroll of silence {unknown}
 e - a scroll of identify {unknown}
 j - a scroll of noise {unknown}
 m - a scroll of vulnerability {unknown}
 n - a scroll of enchant weapon {unknown}
Potions
 c - a potion of haste {unknown}
 f - a potion of lignification {unknown}
 g - 2 potions of curing


   Skills:
 - Level 1.5 Dodging
 + Level 4.4 Stealth
 + Level 2.7 Spellcasting
 - Level 1.0 Transmutations
 + Level 4.8 Poison Magic


You had 4 spell levels left.
You knew the following spells:

 Your Spells              Type           Power      Damage    Failure   Level
a - Sting                 Tmut/Pois      44%        1d5       6%          1
c - Mephitic Cloud        Conj/Pois/Air  7%         N/A       30%         3

Your spell library contained the following spells:

 Spells                   Type           Power      Damage    Failure   Level
 Poisonous Vapours        Pois/Air       20%        N/A       11%         2
 Beastly Appendage        Tmut           10%        N/A       13%         1
 Spider Form              Tmut/Pois      5%         N/A       17%         3
 Wereblood                Tmut           5%         N/A       19%         2
 Ignite Poison            Fire/Tmut/Pois 8%         N/A       26%         3
 Olgreb's Toxic Radiance  Pois           17%        N/A       26%         4
 Ice Form                 Ice/Tmut       3%         N/A       83%         4
 Hydra Form               Tmut           2%         N/A       98%         5


Dungeon Overview and Level Annotations

Branches:
Dungeon (3/15)

Altars:

Annotations:
D:3 Robin


Innate Abilities, Weirdness & Mutations

Your serpentine skin is tough. (AC +1)
You have supernaturally acute eyesight. (SInv)
Armour fits poorly on your strangely shaped body.
Your system is resistant to poisons. (rPois)
You cover ground very slowly.
You can spit poison.
You have a snake-like lower body.


Message History

Aiming: Sting (safe; 6% risk of failure)
Press: ? - help, Shift-Dir - straight line, f/p - jackal
Aim: a jackal (almost dead, poisoned, 64% to hit)
You miscast Sting.
You are very lightly contaminated with residual magic.
Nothing appears to happen.
The jackal closely misses you. The jackal barely misses you.
The jackal bites you. The jackal bites you.
You kill the jackal!
Your magical contamination has completely faded away.
There is a stone staircase leading down here.
Done exploring.
Done exploring.
Okay, then.
Okay, then.
There is a stone staircase leading down here.
You climb downwards. 3 jackals, 7 goblins, a kobold and Robin come into view.
Robin is wielding a +0 spear and carrying a wand of flame (25).
Robin shouts!
The kobold shouts!
The goblin shouts!
You hear a shout!
The jackal barks!
There is a stone staircase leading up here.
Press: ? - help, Shift-Dir - straight line, f - goblin
Aim: a goblin, wielding a +0 club The splash of poison hits the goblin!
The goblin is poisoned.
You kill the goblin!
The goblin shouts! x3; You hear a shout!
A jackal comes into view.
A goblin comes into view. It is wielding a +0 club.
Robin throws the goblin at you!
The jackal barks!
You have reached level 4!
You feel agile.
You hear a shout!
The goblin closely misses you. Robin throws the goblin at you!
The goblin shouts!
You climb upwards.
There is a stone staircase leading down here.
Are you sure you want to abandon this character and quit the game? (Confirm with "yes".)

##..##..........>..÷........
#............>..#####.......
#...............### #.......
#..........##.....# #.......
#.......##.#..##..###.......
#.....#÷##..................
###...#..........##.##......
#...##.......##..#..#......
####..#####.g@................
#......#.......####...........
#........##.#.........#.###...
####..<............######..#.....
#...####.####..#.................
#...###..####....................
#.......................#####....
#................†......# #....
#.......................# #....


You could see a goblin.

Vanquished Creatures
  An adder (D:2)
  A worm (D:2)
  2 dart slugs (D:1)
  3 ball pythons
  4 bats
  2 endoplasms
  A giant cockroach (D:1)
  5 goblins
  10 hobgoblins
  3 jackals (D:2)
  A kobold (D:1)
  2 rats (D:1)
35 creatures vanquished.

Notes
Turn   | Place    | Note
-------+----------+-------------------------------------------
     0 | D:1      | Meow the Naga Venom Mage began the quest for the Orb.
     0 | D:1      | Reached XP level 1. HP: 15/15 MP: 3/3
   374 | D:1      | Found a faded altar of an unknown god.
   512 | D:1      | Reached XP level 2. HP: 22/22 MP: 1/5
  1242 | D:1      | Reached XP level 3. HP: 25/28 MP: 1/6
  1246 | D:1      | Learned a level 3 spell: Mephitic Cloud
  2030 | D:3      | Noticed Robin
  2032 | D:3      | Reached XP level 4. HP: 35/36 MP: 8/8
  2034 | D:2      | Quit the game

Illustrated notes

Levels and vault maps discovered:
D:1:      elethiomel_arrival_shortcut, layout_basic,
          ebering_ecumenical_altar_petrified, minmay_tetromino_l2
D:2:      layout_rooms, roderic_serpentine_path
D:3:      layout_basic, minitemple, minmay_randomly_rotated_circles, uniq_robin,
          uniq_crazy_yiuf_cottage, uniq_jessica, uniq_terence

Skill      XL: |  1  2  3 |
---------------+----------+-----
Stealth        | 4 |  4.4
Dodging        | |  1.5
Spellcasting   | |  2.7
Transmutations | |  1.0
Poison Magic   | |  4.8

Action                   |  1- 3 |  4- 6 || total
-------------------------+-------+-------++-------
Melee: Club              |     1 |       ||     1
       Hand axe          |     2 |       ||     2
Throw: Stone             |     7 |       ||     7
 Cast: Sting             |    34 |       ||    34
 Abil: Spit Poison       |    39 |       ||    39
  Use: Potion            |     1 |       ||     1
Armor: Robe              |     5 |     1 ||     6
Dodge: Dodged            |    15 |     1 ||    16

Table legend: (Time is in decaauts)
 A = Elapsed time spent in this place.
 B = Non-inter-level travel time spent in this place.
 C = Inter-level travel time spent in this place.
 D = Time resting spent in this place.
 E = Time spent auto-exploring this place.
 F = Levels seen in this place.
 G = Mean time per level.
                   A        B        C        D        E       F      G
               +--------+--------+--------+--------+--------+-----+--------+
         Total |   2618 |   2551 |     67 |    426 |   1804 |   3 |  872.7 |
       Dungeon |   2618 |   2551 |     67 |    426 |   1804 |   3 |  872.7 |
               +--------+--------+--------+--------+--------+-----+--------+

Top non-repeatable levels by time:
     D:1: 1677 daAuts
     D:2: 937 daAuts
     D:3: 2 daAuts
